Unix xNetHack Version 7.1.0 - last build Jul 4 2022 02:09:00 (ec8469f2eb63cac24863ec985b09651f3a72bf9f). Game began 2022-07-04 05:37:33, ended 2022-07-04 05:59:57. nmlkj, chaotic male human Wizard --------- --------------------------------- #+.......| |...............................| #|.......| |.{.....--------- -----....----.| )........| |.......-..|...| |)! |....| |.| #|%..^...| |.......| .|...| |(!.|.---| |.| ----------- #-----.--- |.-----.---|...| |++.-.|..| |.| |.........| # ############|.| +....---|| |----.|..|+--.|#####-.........| # #..| |........| |..-..-|--....|# |.........| ## ###########|.- -..-----.-+-|..|..........| |(........| ## # #|.. ~...|...-....|----.--|-..{.| -.--------- ### ## #|..--|--.|...|....| |.|..|....| #### ## # #|..|. |.--------.+ |.|..||--.| ### -------# # #|..| |..|..|..-.| |.|..|..|.| ########## |......# # #|.. |..|..|..|.| |.---|..|.| #---.----+- |..<..|# ## #|..-----.a--|----.-----....----.| #|........| |......### #|........@......................| #|........| ------- #--------------------------------- #|........| #################)######[#################---------- Nmlkj the Conjurer St:8 Dx:14 Co:12 In:18 Wi:11 Ch:11 Chaotic S:1410 Dlvl:5 $:40 HP:0(41) Pw:33(47) AC:10 Xp:5/290 T:2240 Burdened Latest messages: You resume your meal. You hear someone praising Thoth. You finish eating the hobgoblin corpse. You see here a gnome corpse. There is a gnome corpse here; eat it? [ynq] (n) y This gnome corpse tastes okay. You hear the chime of a cash register. You finish eating the gnome corpse. This door is locked. This door is locked. The door opens. This door is locked. This door is locked. This door is locked. The door opens. This door is locked. This door is locked. This door is locked. The door opens. You hear a door open. This door is locked. This door is locked. This door is locked. This door is locked. This door is locked. This door is locked. This door is locked. This door is locked. This door is locked. This door is locked. This door is locked. This door is locked. The killer bee stings! The killer bee stings! You miss the killer bee. The killer bee stings! In what direction? k The spell misses the killer bee. You feel more confident in your spell casting skills. (Use the #enhance command to advance them.) The killer bee stings! The killer bee stings! The killer bee's sting was poisoned! In what direction? k The spell misses the killer bee. The killer bee stings! The killer bee stings! The killer bee stings! The killer bee's sting was poisoned! You die... Major events: Turn 1: nmlkj the chaotic male human Wizard entered the dungeon 632: entered the Gnomish Mines 637: attained the rank of Conjurer (level 3) 1887: reached Mine Town 2240: killed by a killer bee Inventory: Inventory: 647/550 weight (22/52 slots) Coins $ - 40 gold pieces {1} Weapons q - 4 blessed +1 daggers {40} t - a blessed corroded +1 dagger {10} n - 4 +0 daggers (at the ready) {40} a - a blessed +1 quarterstaff {40} Armor v - an uncursed +0 dwarvish helm {40} r - an uncursed +0 pair of dwarvish boots {50} w - a cursed +0 pair of dwarvish boots {50} b - an uncursed +0 cloak of magic resistance {10} Comestibles o - an uncursed cram ration {15} j - 3 uncursed lichen corpses {60} Scrolls m - an uncursed scroll of teleportation {5} Spellbooks c - a blessed spellbook of force bolt {35} f - an uncursed spellbook of jumping {40} e - an uncursed spellbook of light {35} d - a blessed spellbook of magic missile {40} Potions k - an uncursed potion of water {20} Rings l - a cursed ring of warning {3} Wands s - a cursed wand of magic missile (0:5) {7} Tools x - a crystal ball (0:24) {100} g - a magic marker (0:73) {2} p - a blessed wax candle {2} Gems/Stones h - 3 uncursed worthless pieces of yellowish brown glass {3} Nmlkj the Wizard's attributes: Background: You were a Conjurer, a level 5 male human Wizard. You were chaotic, on a mission for Anhur who was opposed by Ptah (lawful) and Thoth (neutral). You were heterosexual. You were in the Gnomish Mines, on level 5. You entered the dungeon 2240 turns ago. It was nighttime. You had 290 experience points, 30 more were needed to attain level 6. Your score was 1410 before end-of-game adjustments. Basics: You had 0 out of 41 hit points. You had 33 out of 47 energy points (spell power). Your armor class was 10. Your wallet contained 40 zorkmids. Autopickup was on for '$"?+!=/' plus thrown. Final Characteristics: Your strength was 8 (limit:18/100). Your dexterity was 14 (peak:15, limit:18). Your constitution was 12 (limit:18). Your intelligence was 18 (limit:18). Your wisdom was 11 (limit:18). Your charisma was 11 (limit:18). Final Status: You were not hungry. You were burdened; movement was slightly slowed. You were bare handed. You were unskilled in bare handed combat. You were not wearing any armor. Final Attributes: You were devoutly aligned. You are dead. Miscellaneous: You never encountered a bones level. Total elapsed playing time was 22 minutes and 24 seconds. Vanquished creatures: a shrieker 2 gnome leaders a little dog 5 dwarves a rothe an acid blob 2 hobbits a hobgoblin 19 gnomes a gecko 2 jackals a fox a kobold a goblin a sewer rat 3 grid bugs a bat 3 lichens a kobold zombie 2 newts 50 creatures vanquished. No species were genocided or became extinct. Voluntary challenges: You never hit with a wielded weapon. You read items or engraved 1 time. You never genocided any monsters. You never polymorphed an object. You never changed form. You never touched an artifact. You used no wishes. You never owned a pet. You never scared an enemy with impunity. You were celibate. You never generated conflict. Achievements: You entered the Gnomish Mines. You attained the rank of Conjurer. You entered Minetown. The Dungeons of Doom: levels 1 to 2 Level 1: An altar, a fountain. Level 2: Some fountains, a sink. Stairs down to The Gnomish Mines. The Gnomish Mines: levels 3 to 5 Level 3: Level 4: Level 5: <- You were here. Some fountains. Final resting place for you, killed by a killer bee. Game over: __________ / \ / REST \ / IN \ / PEACE \ / \ | nmlkj | | 40 Au | | killed by a | | killer bee | | | | | | 2022 | *| * * * | * _________)/\\_//(\/(/\)/\//\/|_)_______ Goodbye nmlkj the Wizard... You died in The Gnomish Mines on dungeon level 5 with 1406 points, and 40 pieces of gold, after 2240 moves. You were level 5 with a maximum of 41 hit points when you died.